 Dungeon Crawl Stone Soup version 0.16-a0-3171-gce70061 (webtiles) character file.

1293 Johnny the Quickloader (level 8, -2/63 HPs)
             Began as a Human Hunter on Dec 16, 2014.
             Was a Believer of Okawaru.
             Slain by an orc warrior
             ... wielding a +0 flail
              (4 damage)
             ... on level 6 of the Dungeon.
             The game lasted 00:06:30 (5618 turns).

Johnny the Quickloader (Human Hunter)               Turns: 5618, Time: 00:06:31

Health: -2/63      AC:  3    Str: 13    XL:     8   Next: 86%
Magic:  0/8        EV: 21    Int: 11    God:    Okawaru [**....]
Gold:   239        SH:  0    Dex: 21    Spells: 0 memorised, 7 levels left

rFire  . . .     SeeInvis .     b - +1 hand crossbow
rCold  . . .     Clarity  .     d - +0 leather armour
rNeg   . . .     SustAb   .     (no shield)
rPois  .         Gourm    .     (no helmet)
rElec  .         Spirit   +     (no cloak)
rCorr  .         Warding  .     (no gloves)
rMut   .         Stasis   .     (no boots)
MR     .....                    h - amulet of guardian spirit
Stlth  +++.......               (no ring)
                                (no ring)

@: agile, not resistant to hostile enchantments, fairly stealthy
A: no striking features
a: Heroism, Renounce Religion


You were on level 6 of the Dungeon.
You worshipped Okawaru.
Okawaru was pleased with you.
You were very hungry.

You visited 2 branches of the dungeon, and saw 7 of its levels.

You collected 239 gold pieces.

Inventory:

Hand weapons
 b - a +1 hand crossbow (weapon)
 r - a +2 dagger of venom
 x - a +0 dagger of draining
Missiles
 c - 10 bolts (quivered)
Armour
 d - a +0 leather armour (worn)
Jewellery
 h - an amulet of guardian spirit (around neck)
Magical devices
 f - a wand of digging (15)
 D - a wand of lightning (5)
Scrolls
 a - a scroll of amnesia {unknown}
 e - 3 scrolls of remove curse {unknown}
 i - 4 scrolls of blinking {unknown}
 m - 8 scrolls of identify {unknown}
 p - 3 scrolls of random uselessness {unknown}
 q - a scroll of noise {unknown}
 u - a scroll of immolation {unknown}
 y - a scroll of teleportation {unknown}
 z - 2 scrolls of enchant armour {unknown}
Potions
 j - a potion of flight {unknown}
 k - 6 potions of agility
 o - a potion of lignification {unknown}
 t - 2 potions of resistance {unknown}
 v - 2 potions of curing {unknown}
 w - a potion of brilliance {unknown}
 B - 2 potions of cancellation {unknown}
 C - a potion of poison {unknown}
Comestibles
 g - a royal jelly
 l - 2 fruits
 n - 6 meat rations
 s - 3 bread rations
 A - a beef jerky


   Skills:
 + Level 5.4 Fighting
 * Level 8.0 Crossbows
 + Level 5.5 Dodging
 - Level 1.0 Stealth


You had 7 spell levels left.
You didn't know any spells.

Dungeon Overview and Level Annotations

Branches:
Dungeon (6/15)             Temple (1/1) D:4

Altars:
Ashenzari
Cheibriados
Dithmenos
Elyvilon
Fedhas
Kikubaaqudgha
Makhleb
Nemelex Xobeh
Okawaru
Qazlal
Ru
Sif Muna
Trog
Vehumet
Xom
Zin
The Shining One


Message History

Unknown command.
Evoke which item? (* to show all) (? for menu, Esc to quit)
Zapping:
D - a wand of lightning {zapped: 1} (will waste charges)
Press: ? - help, Shift-Dir - straight line, f/p - orc warrior
Aim: an orc warrior, wielding a flail and wearing a plate armour (almost dead)
You hear a mighty clap of thunder!
The bolt of lightning misses the orc warrior.
Evoking this partially-identified wand wasted a few charges.
You hear a shout!
The orc warrior hits you with a flail!
* * * LOW HITPOINT WARNING * * *
Drink which item? (? for menu, Esc to quit)
Okay, then.
Drink which item? (? for menu, Esc to quit)
Okay, then.
Drink which item? (? for menu, Esc to quit)
It was a potion of agility.
You feel agile all of a sudden. The orc warrior hits you with a flail.
You die...

........####
...........#.##.###
........#
#........<...#...#
#'#########
(............#.###
..........#
##(######..........
#.#######.#
#..............#.###
....##....# #.#(#
####.....#.#
#.#.....#.#
#.#(#.######...#.#
#.#######.#
#.#o#..........#.#
#.........#
##.#@#.#####.#..#.#
#########.#
#..#.#.....#....#.# #.#
#..#.#####.#...##.#
#####.#
#...............#.#
#.....#
#..#.#####......#
#.#####
#..#(...........# #.#
#.(############## #.#
#..(.((z.(... #.#
#######################


You could see an orc warrior.

Vanquished Creatures
  An ogre (D:5)
  2 centaurs (D:6)
  A phantom (D:5)
  A giant frog (D:6)
  2 wights (D:6)
  A scorpion (D:5)
  3 crimson imps (D:6)
  2 iguanas
  3 hounds (D:5)
  2 orc priests (D:6)
  3 worker ants
  3 orc wizards (D:5)
  A worker ant zombie (D:6)
  5 adders
  4 gnolls
  3 giant mites
  4 worms
  5 giant geckos
  An ooze (D:5)
  9 orcs
  2 spectral bats (D:3)
  18 bats
  A bat simulacrum (D:3)
  3 bat skeletons (D:3)
  A bat zombie (D:3)
  3 fire bats (D:3)
  12 goblins
  7 hobgoblins
  9 jackals
  4 quokkas
  2 ball pythons
  8 giant cockroaches
  7 giant newts
  7 kobolds
  A quokka skeleton (D:5)
  11 rats
152 creatures vanquished.

Notes
Turn   | Place    | Note
--------------------------------------------------------------
     0 | D:1      | Johnny, the Human Hunter, began the quest for the Orb.
     0 | D:1      | Reached XP level 1. HP: 16/16 MP: 1/1
   105 | D:1      | Reached XP level 2. HP: 19/22 MP: 2/2
   738 | D:1      | Reached XP level 3. HP: 27/27 MP: 3/3
  1376 | D:2      | Reached XP level 4. HP: 34/34 MP: 4/4
  1425 | D:2      | Found a sparkling altar of Nemelex Xobeh.
  1700 | D:2      | Found a sacrificial altar of Ru.
  2032 | D:2      | Reached XP level 5. HP: 32/40 MP: 5/5
  2065 | D:2      | Found a deep blue altar of Sif Muna.
  2317 | D:3      | Reached skill level 5 in Crossbows
  2565 | D:3      | Reached XP level 6. HP: 26/47 MP: 4/6
  3339 | D:4      | Found a staircase to the Ecumenical Temple.
  3355 | Temple   | Entered the Ecumenical Temple
  3427 | Temple   | Became a worshipper of Warmaster Okawaru
  3565 | D:4      | Found a blossoming altar of Fedhas.
  3632 | D:5      | Entered Level 5 of the Dungeon
  3730 | D:5      | Found a stormy altar of Qazlal.
  3755 | D:5      | Reached skill level 6 in Crossbows
  3755 | D:5      | Reached XP level 7. HP: 34/53 MP: 5/7
  4637 | D:5      | Acquired Okawaru's first power
  4637 | D:5      | Reached skill level 7 in Crossbows
  4637 | D:5      | Reached XP level 8. HP: 61/61 MP: 8/8
  4924 | D:6      | Reached skill level 5 in Dodging
  5115 | D:6      | Reached skill level 5 in Fighting
  5603 | D:6      | Reached skill level 8 in Crossbows
  5617 | D:6      | HP: 1/63 [orc warrior/flail (12)]
  5618 | D:6      | Slain by an orc warrior

Action                   |  1- 3 |  4- 6 |  7- 9 || total
-------------------------+-------+-------+-------++-------
Melee: Short sword       |    19 |    11 |       ||    30
       Dagger            |       |   181 |     3 ||   184
 Fire: Hand crossbow     |    73 |    42 |   202 ||   317
Evoke: Wand              |       |       |     1 ||     1
  Use: Scroll            |     1 |       |       ||     1
       Potion            |       |       |     1 ||     1
 Stab: Distracted        |       |     1 |       ||     1
       Sleeping          |       |     4 |       ||     4
  Eat: Chunk             |     1 |     3 |     5 ||     9
       Bread ration      |       |     1 |       ||     1
